 Dungeon Sprint DCSS version 0.21.1-1-g345015f (webtiles) character file.

0 Psiloshibe the Slasher (level 1, -5/19 HPs)
             Began as a Barachi Berserker on June 20, 2018.
             Was a Follower of Trog.
             Killed by nerve-wracking pain
             ... invoked by Jessica
              (9 damage)
             ... in the Dungeon (Sprint VI: "Thunderdome").
             The game lasted 00:00:36 (36 turns).

Psiloshibe the Slasher (Barachi Berserker)            Turns: 36, Time: 00:00:37

Health: -5/19      AC:  2    Str: 20    XL:     1   Next: 20%
Magic:  0/1        EV: 13    Int:  7    God:    Trog [*.....]
Gold:   65         SH:  0    Dex: 18    Spells: 0/0 levels left

rFire    . . .     SeeInvis +   a - +0 falchion
rCold    . . .     Gourm    .   (no shield)
rNeg     . . .     Faith    .   b - +0 animal skin
rPois    +         Spirit   +   (no helmet)
rElec    .         Reflect  .   (no cloak)
rCorr    .         Harm     .   (no gloves)
MR       +....     NoTele   +   (no boots)
Stlth    +++.......             n - amulet of the Unkillable {Spirit +Inv}
HPRegen  0.06/turn              o - ring "Aseat" {rPois MR+ Dex+4 SInv Stlth+}
MPRegen  0.07/turn              p - ring "Ygaireffiu" {rPois Str+2 Dex+3}

@: berserk cooldown, slowed, very slow
A: +LOS, swims, slowness 1, strong legs 1
a: Hop, Berserk, Burn Spellbooks, Renounce Religion, Evoke Invisibility


You were in the Dungeon.
You worshipped Trog.
Trog was aware of your devotion.
You were not hungry.

You visited 1 branch You collected 200 gold pieces.
You spent 135 gold pieces at shops.

Inventory:

Hand Weapons
 a - a +0 falchion (weapon)
Armour
 b - a +0 animal skin (worn)
Jewellery
 n - the amulet of the Unkillable (around neck) {Spirit +Inv}
   (You bought it in a shop in the Dungeon)

   [amulet of guardian spirit]

   It causes incoming damage to be split between your health and magic.
   It lets you turn invisible.
 o - the ring "Aseat" (left hand) {rPois MR+ Dex+4 SInv Stlth+}
   (You bought it in a shop in the Dungeon)

   [ring of dexterity]

   It affects your dexterity (+4).
   It protects you from poison.
   It affects your resistance to hostile enchantments.
   It lets you see invisible.
   It makes you more stealthy.
 p - the ring "Ygaireffiu" (right hand) {rPois Str+2 Dex+3}
   (You bought it in a shop in the Dungeon)

   [ring of dexterity]

   It affects your strength (+2).
   It affects your dexterity (+3).
   It protects you from poison.
Wands
 k - a wand of acid (5)
 l - a wand of iceblast (5)
Scrolls
 i - 4 scrolls of blinking
 m - 3 scrolls of fog
Potions
 d - a potion of curing
 e - 4 potions of heal wounds
 f - 4 potions of haste
 g - 2 potions of magic
 h - a potion of berserk rage
 j - a potion of resistance
Comestibles
 c - a ration


   Skills:
 + Level 3.8 Fighting
 + Level 3.9 Long Blades
 * Level 0.4 Throwing
 + Level 2.5 Armour
 + Level 2.2 Dodging
 * Level 0.5 Evocations


You couldn't memorise any spells.
You didn't know any spells.

Dungeon Overview and Level Annotations

Branches:
Dungeon (1/1)

Altars:
Cheibriados
Fedhas
Gozag
Kikubaaqudgha
Okawaru
Qazlal
Ru
Sif Muna
Uskayaw
Vehumet
Zin
The Shining One
Beogh
Jiyva

Shops:
D *[%?

Annotations:
D Jessica


Innate Abilities, Weirdness & Mutations

Shadows flee at your approach. (+LOS)
You can swim through water.
You cover ground slowly.
You can hop short distances.


Message History

Jessica casts a spell.
Jessica blinks!
Jessica casts a spell.
Jessica seems to speed up.
Jessica shouts, "You are a ghastly nuisance!"
Jessica hits you with a dagger. Jessica closely misses you.
You barely miss Jessica.
Jessica is moderately wounded.
Jessica gestures at you while chanting. Pain shoots through your body!
Jessica hits you with a dagger.
* * * LOW HITPOINT WARNING * * *
You barely miss Jessica.
Jessica is moderately wounded.
Jessica hits you with a dagger.
* * * LOW HITPOINT WARNING * * *
Jessica misses you.
You riposte.
You hit Jessica.
Jessica is almost dead.
Jessica casts a spell at you. Pain shoots through your body!
You die...

#_......._# #_......._#
###.........###
#⌠...........⌠#
######.8.........8.####
##∩___......# #......__.
###∩........8.# #.8.......
##..†.......@..###.........
#⌠.........@###...###......
#⌠..........# #.<.# ....
#⌠..........# #...# ..
##.............###..
###∩........8.# .8..
##∩_._......# ......
######.8..... ...8.##
#⌠...........⌠#
###.........###


You could see Jessica.

Vanquished Creatures
  A jackal (D)
1 creature vanquished.

Notes
Turn   | Place    | Note
-------+----------+-------------------------------------------
     0 | D        | Psiloshibe the Barachi Berserker began the quest for the Orb.
     0 | D        | Reached XP level 1. HP: 18/18 MP: 1/1
     0 | D        | Found a glowing golden altar of the Shining One.
     0 | D        | Found an iron altar of Okawaru.
     3 | D        | Found an opulent altar of Gozag.
     3 | D        | Found a snail-covered altar of Cheibriados.
     3 | D        | Found a sacrificial altar of Ru.
     4 | D        | Found an ancient bone altar of Kikubaaqudgha.
     5 | D        | Round 1.
     5 | D        | Noticed Jessica
     6 | D        | Found a glowing silver altar of Zin.
     7 | D        | Found a viscous altar of Jiyva.
     7 | D        | Found a hide-covered altar of Uskayaw.
     7 | D        | Found a roughly hewn altar of Beogh.
     8 | D        | Found a stormy altar of Qazlal.
     8 | D        | Found a deep blue altar of Sif Muna.
     9 | D        | Found Kyox's Delicious Food.
     9 | D        | Found a radiant altar of Vehumet.
     9 | D        | Found Fisud's Identification Station.
    10 | D        | Found Gakuorgh's Jewellery.
    10 | D        | Found Uckowail's Advanced Armour.
    10 | D        | Found a blossoming altar of Fedhas.
    19 | D        | Bought a scorched jade amulet for 45 gold pieces
    19 | D        | Bought an ancient platinum ring for 45 gold pieces
    19 | D        | Bought a warped ivory ring for 45 gold pieces
    19 | D        | Identified the amulet of the Unkillable {Spirit +Inv} (You bought it in a shop in the Dungeon)
    20 | D        | Identified the ring "Aseat" {rPois MR+ Dex+4 SInv Stlth+} (You bought it in a shop in the Dungeon)
    21 | D        | Identified the ring "Ygaireffiu" {rPois Str+2 Dex+3} (You bought it in a shop in the Dungeon)
    36 | D        | Killed from afar by Jessica

Action                   || total
-------------------------++-------
Melee: Falchion          ||     4
Invok: Berserk           ||     1
Armor: Animal skin       ||     1
Dodge: Dodged            ||     5
       Rpst.: Falchion   ||     1
